 Dungeon Sprint DCSS version 0.19-a0-1007-g133f65f (webtiles) character file.

8 Groucho the Ducker (level 2, -1/18 HPs)
             Began as a Felid Transmuter on July 20, 2016.
             Slain by an ice beast (13 damage)
             ... in the Dungeon (Sprint IX: "|||||||||||||||||||||||||||||").
             The game lasted 00:00:32 (35 turns).

Groucho the Ducker (Felid Transmuter)                 Turns: 35, Time: 00:00:32

Health: -1/18      AC:  1    Str: 11    XL:     2   Next: 0%
Magic:  4/6        EV: 19    Int: 14    God:
Gold:   0          SH:  0    Dex: 16    Spells: 1 memorised, 4 levels left
                                        Lives:  0   Deaths: 0

rFire  . . .     SeeInvis +       - Unarmed
rCold  . . .     Gourm    .     (armour unavailable)
rNeg   . . .     Faith    .     (shield unavailable)
rPois  .         Spirit   .     (helmet unavailable)
rElec  .         Dismiss  .     (cloak unavailable)
rCorr  .         Reflect  .     (gloves unavailable)
SustAt .         Harm     .     (boots unavailable)
MR     .....     NoTele   +     (no amulet)
Stlth  ..........               (no ring)
                                (no ring)

@: berserking, appendage (expiring), very quick, not resistant to hostile
enchantments, extremely unstealthy
A: no armour, no weapons or thrown items, claws 1, fangs 3, horns 2, see
invisible, carnivore 3, speed 1, shaggy fur 1, slow metabolism 1, sharp paws
a: End Transformation


You were in the Dungeon.
You were not hungry.
You had grown temporary horns.
You visited 1 branch

Inventory:

Missiles
 a - 12 arrows
Scrolls
 i - a scroll of blinking
Potions
 e - a potion of heal wounds
 f - a potion of haste
 g - 2 potions of magic
Books
 b - a book of Changes

   Spells                             Type                      Level
   a - Beastly Appendage              Transmutation                1
   b - Sticks to Snakes               Transmutation                2
   c - Spider Form                    Transmutation/Poison         3
   d - Ice Form                       Ice/Transmutation            4
   e - Blade Hands                    Transmutation                5
Comestibles
 c - a meat ration


   Skills:
 + Level 1.6 Fighting
 * Level 3.7 Dodging
 + Level 0.8 Stealth
 * Level 3.4 Unarmed Combat
 * Level 2.3 Spellcasting
 * Level 3.0 Transmutations


You had 4 spell levels left.
You knew the following spells:

 Your Spells              Type           Power        Failure   Level  Hunger
a - Beastly Appendage     Tmut           ##....       10%         1    #......


Dungeon Overview and Level Annotations

Branches:
Dungeon (1/1)

Altars:


Innate Abilities, Weirdness & Mutations

You cannot wear armour.
You are incapable of wielding weapons or throwing items.
You have sharp claws.
You have razor-sharp teeth.
You have supernaturally acute eyesight. (SInv)
You are carnivorous and can eat meat at any time.
You cover ground quickly.
You are covered in fur. (AC +1)
You have a slow metabolism.
Your sharp claws are effective at attacking unaware monsters.
You have a pair of horns on your head.


Message History

You barely miss the adder zombie. You bite the adder zombie.
The adder zombie bites you but does no damage.
You barely miss the adder zombie.
Your transformation is almost over.
The adder zombie bites you but does no damage.
You scratch the adder zombie but do no damage.
The adder zombie bites you.
You scratch the adder zombie. The adder zombie closely misses you.
You scratch the adder zombie.
You destroy the adder zombie!
Your Transmutations skill increases to level 3!
You have reached level 2!
You barely miss the ice beast. Your bite misses the ice beast.
The ice beast barely misses you.
Unknown command.
A red film seems to cover your vision as you go berserk!
You feel yourself moving faster!
You feel mighty! The ice beast hits you. The ice beast freezes you!
Ouch! That really hurt!
You die...

▓+▓
▓.▓
▓.▓
▓o▓
▓O▓
▓O▓
▓Y▓
▓@▓
▓.▓
▓.▓
▓.▓
▓)▓
▓†▓
▓.▓
▓.▓
▓.▓


You could see an ice beast, 2 ogres and an orc.

Vanquished Creatures
  An adder zombie (D)
  A goblin (D)
  3 kobolds (D)
  A rat (D)
6 creatures vanquished.

Notes
Turn   | Place    | Note
-------+----------+-------------------------------------------
     0 | D        | Groucho the Felid Transmuter began the quest for the Orb.
     0 | D        | Reached XP level 1. HP: 9/9 MP: 4/4
    25 | D        | Noticed an ogre
    25 | D        | Noticed an ogre
    25 | D        | Noticed an ice beast
    33 | D        | Reached XP level 2. HP: 9/12 MP: 4/6
    35 | D        | Slain by an ice beast

Vault maps used:
D:        linesprint

Skill      XL: |  1 |
---------------+----+-----
Dodging        | 3 |  3.7
Transmutations | 3 |  3.0
Fighting       | |  1.6
Stealth        | |  0.8
Unarmed Combat | |  3.4
Spellcasting   | |  2.3

Action                   || total
-------------------------++-------
Melee: Unarmed           ||    21
       Headbutt          ||     2
       Bite              ||     1
 Cast: Beastly Appendage ||     2
  Use: Potion            ||     2
Armor: Skin              ||     2
Dodge: Dodged            ||    13
